AoeStats
← dorine6

Golden Pit

509632958Analyzed
1v1 RM · 6d ago on Sep 27, 2026· 60m 23s· 2 players
Game mode
Random Map
Map size
Tiny (2 player)
Population
200
Speed
Normal
Resources
Standard
Victory
Conquest
Starting age
Dark Age
Ending age
Imperial Age
RankedLock teamsTeams togetherTeam positionsShared explorationLock speedFull tech treeHidden civsTurbo modeCheats
Victory
Defeat
🇧🇴 Mongols · Bolivia
667
+18
🇫🇷 Shu · France
707
-31
BalduinoIV--2026
3:32 Loom
11:08 Feudal Age
15:08 Forging
18:13 Fletching
22:16 Castle Age
29:30 Wheelbarrow
33:33 Double-Bit Axe
36:53 Elite Skirmisher
38:24 Hand Cart
40:13 Ballistics
42:14 Pikeman
47:41 Scale Mail Armor
48:17 Iron Casting
47:38 Bodkin Arrow
53:18 Imperial Age
50:34 Town Watch
51:46 Squires
54:37 Conscription
56:14 Chemistry
55:20 Siege Engineers
57:14 Elite Mangudai
58:23 Onager
61:02 Drill
dorine6
9:31 Loom
12:23 Feudal Age
11:36 Loom
14:18 Gold Mining
14:17 Double-Bit Axe
20:51 Fletching
22:47 Padded Archer Armor
24:12 Scale Mail Armor
32:31 Horse Collar
35:30 Forging
38:59 Castle Age
43:36 Elite Skirmisher
45:54 Thumb Ring
46:13 Crossbowman
46:50 Bodkin Arrow
47:11 Leather Archer Armor
55:50 Gold Shaft Mining
Connection lost

Rejoining the realm…

Still unreachable

The connection could not be restored.

Session expired

The server has moved on; the page needs a fresh start.